 Dungeon Crawl Stone Soup version 0.30.0-19-g36f170ea60 (webtiles) character file.

Game seed: 12636270291168320109

95335 IndexError the Thaumaturge (level 15, -3/126 HPs)
             Began as a Demigod Conjurer on May 28, 2023.
             Engulfed by a cloud of freezing vapour (11 damage)
             ... on level 1 of the Swamp.
             The game lasted 01:42:09 (31423 turns).

IndexError the Thaumaturge (Demigod Conjurer)      Turns: 31423, Time: 01:42:09

Health: -3/126     AC: 12    Str:  8    XL:     15   Next: 23%
Magic:  2/34       EV: 13    Int: 50    God:
Gold:   2164       SH:  0    Dex: 12    Spells: 4/34 levels left

rFire   . . .        f - staff of conjuration {!a}
rCold   + . .        (no shield)
rNeg    . . .        H - +1 leather armour of Gakaall {Int+4}
rPois   +            B - +2 hat
rElec   .            X - +1 cloak {rPois}
rCorr   .            T - +1 pair of gloves
SInv    .            j - +1 pair of boots
Will    +....        p - amulet of magic regeneration
Stlth   +            e - ring of protection from cold {rC+, !d}
HPRegen 0.41/turn    k - +6 ring of intelligence
MPRegen 0.64/turn

%: no passive effects
@: very slow
A: high MP 1, forlorn, divine attributes
a: no special abilities


You were on level 1 of the Swamp.
You visited 4 branches of the dungeon, and saw 23 of its levels.
You visited the Abyss 1 time.

You collected 2931 gold pieces.
You spent 767 gold pieces at shops.

Inventory:

Hand Weapons
 v - a +3 short sword of electrocution
   (You took it off an orc on level 3 of the Dungeon)
Armour
 j - a +1 pair of boots (worn)
   (You bought it in a shop on level 2 of the Orcish Mines)
 B - a +2 hat (worn)
   (You found it on level 4 of the Dungeon)
 H - the +1 leather armour of Gakaall (worn) {Int+4}
   (You bought it in a shop on level 2 of the Orcish Mines)

   Int:       It affects your intelligence (+4).
 L - a +0 buckler
   (You found it on level 5 of the Lair of Beasts)
 R - a +1 robe of cold resistance
   (You took it off Fannar on level 1 of the Lair of Beasts)
 T - a +1 pair of gloves (worn)
   (You found it on level 5 of the Lair of Beasts)
 V - a +2 robe of fire resistance
   (You took it off an orc sorcerer on level 2 of the Orcish Mines)
 X - a +1 cloak of poison resistance (worn)
   (You found it on level 5 of the Lair of Beasts)
Magical Staves
 f - a staff of conjuration (weapon) {!a}
   (You took it off an orc on level 7 of the Dungeon)
 C - a staff of cold {rC+}
   (You found it on level 4 of the Dungeon)
Jewellery
 c - a ring of protection from fire {rF+, !d}
   (You found it on level 14 of the Dungeon)
 e - a ring of protection from cold (left hand) {rC+, !d}
   (You found it on level 1 of the Dungeon)
 k - a +6 ring of intelligence (right hand)
   (You found it on level 1 of the Dungeon)
 p - an amulet of magic regeneration (around neck)
   (You found it on level 2 of the Dungeon)
 w - a ring of fire {rF+, rC-}
   (You found it on level 3 of the Dungeon)
 I - an amulet of the acrobat
   (You found it on level 1 of the Swamp)
 S - the ring "Xohyzag" {rPois rN+++ Will- Int-2 SInv}
   (You bought it in a shop on level 1 of the Orcish Mines)

   [ring of poison resistance]

   Int:       It affects your intelligence (-2).
   rPois:     It protects you from poison.
   rN:        It renders you almost immune to negative energy.
   SInv:      It lets you see invisible.
   Will:      It decreases your willpower.
 U - a ring of ice {rC+, rF-}
   (You found it on level 4 of the Lair of Beasts)
Wands
 x - a wand of light (6)
   (You found it on level 4 of the Dungeon)
 y - a wand of flame (39)
   (You found it on level 4 of the Dungeon)
 A - a wand of mindburst (6)
   (You took it off Erolcha on level 9 of the Dungeon)
 P - a wand of roots (13)
   (You found it on level 10 of the Dungeon)
 Z - a wand of charming (6)
   (You found it on level 13 of the Dungeon)
Scrolls
 a - 6 scrolls of fear
 d - 3 scrolls of teleportation
 g - 5 scrolls of enchant weapon
 i - a scroll of brand weapon
 n - 5 scrolls of summoning
 o - a scroll of silence
 q - 2 scrolls of amnesia
 r - 2 scrolls of identify
 s - 4 scrolls of poison {!r}
 t - a scroll of fog
 G - a scroll of immolation {!r}
 M - 3 scrolls of vulnerability {!r!r}
 Q - 2 scrolls of blinking {!r}
 W - 2 scrolls of magic mapping {!r}
Potions
 b - 3 potions of magic
 h - 17 potions of curing
 l - 5 potions of lignification {!q}
 m - 10 potions of might
 u - a potion of mutation {!q}
 z - 2 potions of cancellation
 D - 2 potions of resistance
 E - 2 potions of brilliance
 F - 8 potions of heal wounds
 J - 4 potions of ambrosia
 K - 3 potions of invisibility
 O - 2 potions of haste
 Y - a potion of attraction {!q}


   Skills:
 - Level 10.0 Fighting
 + Level 9.4 Staves
 - Level 7.0 Dodging
 - Level 1.7 Stealth
 - Level 10.2 Spellcasting
 - Level 10.0 Conjurations
 + Level 9.0 Hexes
 - Level 6.0 Translocations
 - Level 8.0 Ice Magic
 - Level 10.0 Evocations


You had 4 spell levels left.
You knew the following spells:

 Your Spells              Type           Power      Damage    Failure   Level
a - Magic Dart            Conj           100%       1d8       1%          1
b - Searing Ray           Conj           100%       2d8       1%          2
c - Dazzling Flash        Conj/Hex       100%       N/A       1%          3
d - Fulminant Prism       Conj/Hex       55%        3d24      1%          4
e - Freezing Cloud        Conj/Ice/Air   45%        6-21      3%          5
f - Animate Armour        Summ/Erth      50%        N/A       13%         4
g - Blink                 Tloc           100%       N/A       1%          2
h - Fireball              Conj/Fire      42%        3d17      4%          5
x - Iskenderun's Mystic   Conj/Tloc      100%       2d19      1%          4

Your spell library contained the following spells:

 Spells                   Type           Power      Damage    Failure   Level
 Foxfire                  Conj/Fire      100%       2x1d9     1%          1
 Summon Small Mammal      Summ           100%       N/A       1%          1
 Cigotuvi's Dreadful Rot  Necr/Pois/Air  50%        N/A       1%          2
 Summon Guardian Golem    Hex/Summ       63%        N/A       1%          3
 Vhi's Electric Charge    Tloc/Air       100%       N/A       1%          3
 Manifold Assault         Tloc           71%        N/A       1%          4
 Call Canine Familiar     Summ           25%        N/A       3%          3
 Ignite Poison            Fire/Tmut/Pois 25%        N/A       3%          3
 Arcjolt                  Conj/Air       42%        1d52      4%          5
 Iron Shot                Conj/Erth      42%        9d8       26%         6
 Starburst                Conj/Fire      42%        6d12      26%         6
 Blade Hands              Tmut           12%        N/A       34%         5
 Plasma Beam              Fire/Air       12%        2x1d26    89%         6
 Storm Form               Tmut/Air       12%        N/A       100%        7
 Maxwell's Capacitive Co  Air            12%        ∞         100%        8


Dungeon Overview and Level Annotations

Branches:
Dungeon (15/15)            Temple (0/1) D:5            Lair (5/5) D:11
  Swamp (1/4) Lair:3        Snake (0/4) Lair:3        Slime (0/5) Lair:4
    Orc (2/2) D:9             Elf (0/3) Orc:2        Vaults (0/5) D:14
 Depths (0/4) D:15

Shops:
D:2 ?   D:4 (   D:5 (   D:6 ?   Orc:1 *   Orc:2 [?[[*

Portals:
Trove: D:14 (give horn of Geryon)

Annotations:
D:14 2 transporters, ohados's ghost, adept TeAE
D:15 Roxanne


Innate Abilities, Weirdness & Mutations

You have an increased reservoir of magic. (+10% MP)
You shall have no god before yourself.
Your divine heritage dramatically boosts your attributes as you level up.


Message History

Aiming: Freezing Cloud (dangerous; 3% risk of failure)
Press: ? - help, Dir - move target You feel a surge of power!
The swamp worm is engulfed in freezing vapours.
The swamp worm fires a harpoon shot at you.
The harpoon shot misses you.
You now have 26/34 mp.
The swamp worm is engulfed in freezing vapours.
The swamp worm fires a harpoon shot at you.
The harpoon shot hits you!
You are yanked forward by the harpoon shot.
Splash!
You fall into the shallow water.
Moving in this stuff is going to be slow.
Found a chain mail.
Found a stone staircase leading down.
You take 16 damage, and have 110/126 hp.
The swamp worm attacks as you move away!
The swamp worm bites you but does no damage.
The swamp worm is engulfed in freezing vapours.
The swamp worm fires a harpoon shot at you.
The harpoon shot hits you!
You are yanked forward by the harpoon shot.
Splash!
The swamp worm is engulfed in freezing vapours.
The tyrant leech bites you but does no damage.
You take 16 damage, and have 94/126 hp.
You regained 2 mp, and now have 28/34 mp.
Casting: Freezing Cloud (dangerous; 3% risk of failure)
Confirm with . or Enter, or press ? or * to list all spells.
You feel a surge of power!
You erupt in a blast of force!
The mystic blast hits the tyrant leech.
The tyrant leech is knocked back by the mystic blast.
You are engulfed in freezing vapours.
You resist.
You hear a hideous shriek!
A bunyip comes into view.
A bloated husk comes into view.
You take 8 damage, and have 86/126 hp.
You now have 24/34 mp.
You feel a surge of power!
The magic dart hits the tyrant leech but does no damage.
You are engulfed in freezing vapours.
You resist.
You take 5 damage, and have 81/126 hp.
You feel a surge of power!
The magic dart hits the tyrant leech but does no damage.
You are engulfed in freezing vapours.
You resist.
You take 4 damage, and have 77/126 hp.
You now have 23/34 mp.
You feel a surge of power!
The magic dart hits the tyrant leech but does no damage.
You are engulfed in freezing vapours.
You resist. The tyrant leech barely misses you.
You take 4 damage, and have 73/126 hp.
Casting: Magic Dart (safe; 1% risk of failure)
Confirm with . or Enter, or press ? or * to list all spells.
You feel a surge of power!
You erupt in a blast of force!
The mystic blast hits the bunyip!
The bunyip is knocked back by the mystic blast.
The mystic blast hits the tyrant leech!
The tyrant leech is knocked back by the mystic blast.
You are engulfed in freezing vapours.
You resist.
You take 2 damage, and have 71/126 hp.
You now have 20/34 mp.
Casting: Iskenderun's Mystic Blast (mildly dangerous; 1% risk of failure)
Confirm with . or Enter, or press ? or * to list all spells.
You feel a surge of power!
You erupt in a blast of force!
The mystic blast hits the bunyip!!
The bunyip is knocked back by the mystic blast.
The mystic blast hits the bloated husk!
The bloated husk is knocked back by the mystic blast.
The bloated husk slams into the mangrove!
You are engulfed in freezing vapours.
You resist.
You take 10 damage, and have 61/126 hp.
You now have 16/34 mp.
Casting: Iskenderun's Mystic Blast (mildly dangerous; 1% risk of failure)
Confirm with . or Enter, or press ? or * to list all spells.
You feel a surge of power!
You erupt in a blast of force!
The mystic blast hits the bloated husk!
The blast of putrescent gases engulfs you!!
* * * LOW HITPOINT WARNING * * *
You are engulfed in freezing vapours.
You resist.
* * * LOW HITPOINT WARNING * * *
You take 39 damage, and have 22/126 hp.
MASSIVE DAMAGE!!
You now have 13/34 mp.
Casting: Iskenderun's Mystic Blast (mildly dangerous; 1% risk of failure)
Confirm with . or Enter, or press ? or * to list all spells.
You feel a surge of power!
You erupt in a blast of force!
The mystic blast hits the bunyip!!
The bunyip is knocked back by the mystic blast.
You are engulfed in freezing vapours.
You resist.
* * * LOW HITPOINT WARNING * * *
The bunyip howls a warning cry!
You take 6 damage, and have 16/126 hp.
You now have 10/34 mp.
Casting: Iskenderun's Mystic Blast (mildly dangerous; 1% risk of failure)
Confirm with . or Enter, or press ? or * to list all spells.
You feel a surge of power!
You erupt in a blast of force!
The mystic blast hits the tyrant leech!!
You are engulfed in freezing vapours.
You resist.
* * * LOW HITPOINT WARNING * * *
You take 8 damage, and have 8/126 hp.
You now have 6/34 mp.
Casting: Iskenderun's Mystic Blast (mildly dangerous; 1% risk of failure)
Confirm with . or Enter, or press ? or * to list all spells.
You feel a surge of power!
You erupt in a blast of force!
The mystic blast hits the bunyip!
The bunyip is knocked back by the mystic blast.
You are engulfed in freezing vapours.
You resist.
You die...

♣.........♣.♣♣♣.♣.♣~
♣♣.~~~~...♣.♣~~.♣♣..♣
♣~~~~~~..♣♣♣.♣.♣.♣...
♣.~~~~..♣.♣..♣♣.♣.♣.♣
..♣♣~~~~~...♣.♣.....♣.♣.
....~..~~$.♣♣♣.~.♣...♣♣♣
~~~.♣♣§§.!♣.♣.♣♣♣.♣.♣.♣.
.~~~°§§§~~.....♣ ♣♣♣.♣..
^~~~$§§@§..♣♣.♣. ~~♣.♣.
.§~.~~§°§.~♣ ♣♣ ♣.♣~♣.♣
.~~~~~§§§§~...♣ ♣~.~~~.
~~§~~~~x~§~.~♣. ♣.♣♣♣.♣
§~~~.~§~~~~~~~~ ♣~♣ ♣..♣
♣♣♣♣♣...~~~..~♣~~~ ♣.♣♣♣
[...~~.>.♣≈ ~.♣
...♣♣....≈≈ ~.♣ ≈♣. ♣


You could see a bunyip (catching breath).

Vanquished Creatures
  Gastronok (Lair:1)
  An ironbound preserver (D:14)
  An ice dragon (Lair:5)
  Fannar (Lair:1)
  4 hydras
  Erolcha (D:9)
  A death knight (D:15)
  7 centaur warriors
  A boulder beetle (D:14)
  4 two-headed ogres
  A tengu warrior (D:15)
  11 death yaks
  5 orc high priests
  A skyshark (Lair:5)
  A goliath frog (Swamp:1)
  A lindwurm (Lair:5)
  3 wizards (D:15)
  An orc knight (Orc:1)
  A bog body (Swamp:1)
  A necromancer (D:15)
  2 deep elf pyromancers
  A deep elf zephyrmancer (D:15)
  4 orc sorcerers
  9 cyclopes
  5 manticores
  4 elephants (Lair:5)
  5 centaur zombies (D:15)
  17 ugly things
  3 black mambas
  Joseph (Lair:1)
  14 cane toads
  4 molten gargoyles (D:13)
  2 gargoyles
  8 torpor snails
  2 kobold demonologists
  A rime drake (Lair:2)
  9 komodo dragons
  An efreet (D:13)
  5 yaktaurs (D:15)
  A tengu conjurer (D:14)
  9 polar bears (Lair:5)
  5 tyrant leeches
  A bloated husk (Swamp:1)
  9 trolls
  A hornet (shapeshifter) (D:8)
  Prince Ribbit (D:7)
  A raiju (Lair:5)
  9 hornets
  12 blink frogs
  A centaur simulacrum (D:15)
  5 slime creatures (D:14)
  A shadow (D:12)
  A wraith (D:11)
  Eustachio (D:4)
  53 yaks
  A basilisk (D:14)
  3 wyverns
  A fire elemental (D:13)
  2 steam dragons (D:10)
  10 wargs
  An acid dragon (D:8)
  8 vampire mosquitoes
  4 swamp worms (Swamp:1)
  A naga (Lair:3)
  16 water moccasins
  14 hell hounds (Lair:5)
  2 swamp drakes
  25 orc warriors
  3 ogres
  14 black bears
  A boggart (D:14)
  13 wolves (Lair:5)
  5 centaurs
  A phantom (D:7)
  5 kobold brigands
  Blork the orc (D:4)
  3 scorpions
  9 bullfrogs
  A gnoll sergeant (D:8)
  9 killer bees
  3 howler monkeys (D:11)
  5 electric eels
  5 hounds
  3 gnoll boudas
  3 jellies
  35 orc priests
  2 sleepcaps (D:6)
  39 orc wizards
  5 iguanas
  6 adders
  28 gnolls
  2 shadow imps
  2 white imps
  2 worms (D:2)
  2 dart slugs
  88 orcs
  7 ball pythons
  6 bats
  6 endoplasms
  2 giant cockroaches
  7 goblins
  8 hobgoblins
  6 jackals
  4 quokkas
  4 frilled lizards
  21 kobolds
  5 rats
  A butterfly (D:9)
716 creatures vanquished.

Vanquished Creatures (others)
  An orc (D:7)
  44 fulminant prisms
45 creatures vanquished.

Grand Total: 761 creatures vanquished

Notes
Turn   | Place    | Note
-------+----------+-------------------------------------------
     0 | D:1      | IndexError the Demigod Conjurer began the quest for the
                  | Orb.
     0 | D:1      | Reached XP level 1. HP: 14/14 MP: 5/5
   150 | D:1      | Reached skill level 4 in Conjurations
   251 | D:1      | Reached XP level 2. HP: 20/20 MP: 2/7
   738 | D:1      | Learned a level 2 spell: Searing Ray
   864 | D:1      | Reached XP level 3. HP: 26/26 MP: 1/8
  1240 | D:2      | Reached skill level 2 in Spellcasting
  1968 | D:2      | Reached XP level 4. HP: 28/33 MP: 5/10
  2304 | D:2      | Found Zenoxaeh's Magic Scroll Shoppe.
  2485 | D:3      | Reached skill level 5 in Conjurations
  2563 | D:3      | HP: 8/33 [orc/+2 short sword of electrocution (20)]
  2980 | D:3      | Reached skill level 3 in Spellcasting
  2980 | D:3      | Reached XP level 5. HP: 38/38 MP: 8/12
  2989 | D:3      | Learned a level 3 spell: Dazzling Flash
  2994 | D:3      | Learned a level 4 spell: Fulminant Prism
  3695 | D:4      | Noticed Blork the orc
  3704 | D:4      | Killed Blork the orc
  3705 | D:4      | Reached XP level 6. HP: 37/45 MP: 10/14
  3734 | D:4      | Noticed Eustachio
  3746 | D:4      | Killed Eustachio
  3747 | D:4      | Reached skill level 4 in Spellcasting
  3747 | D:4      | Reached skill level 6 in Conjurations
  4113 | D:4      | Found Qoasef's Weapon Boutique.
  4337 | D:5      | Entered Level 5 of the Dungeon
  4386 | D:5      | Reached skill level 5 in Spellcasting
  4386 | D:5      | Reached skill level 1 in Hexes
  4387 | D:5      | Reached XP level 7. HP: 49/50 MP: 13/18
  4563 | D:5      | Found a staircase to the Ecumenical Temple.
  4581 | D:4      | Reached skill level 2 in Hexes
  4620 | D:5      | Found Feveudid's Weapon Shop.
  5334 | D:6      | Learned a level 4 spell: Iskenderun's Mystic Blast
  5480 | D:6      | Reached skill level 3 in Hexes
  5509 | D:6      | Reached skill level 6 in Spellcasting
  5559 | D:6      | Reached skill level 4 in Hexes
  5585 | D:6      | Reached XP level 8. HP: 56/57 MP: 17/20
  5704 | D:6      | Reached skill level 5 in Hexes
  5857 | D:6      | Found Cecunuim's Magic Scroll Boutique.
  5883 | D:6      | Reached skill level 1 in Fighting
  6068 | D:6      | Reached skill level 1 in Translocations
  6156 | D:6      | Noticed a komodo dragon
  6174 | D:6      | HP: 9/59 [komodo dragon (26)]
  6175 | D:6      | Killed a komodo dragon
  6176 | D:6      | Reached skill level 2 in Fighting
  6176 | D:6      | Reached skill level 2 in Translocations
  6638 | D:7      | Noticed an orc sorcerer
  6650 | D:6      | Reached skill level 3 in Fighting
  6650 | D:6      | Reached skill level 3 in Translocations
  6922 | D:7      | Noticed Prince Ribbit
  6950 | D:7      | Noticed a hornet
  6955 | D:6      | Killed a hornet
  6995 | D:6      | Reached skill level 4 in Fighting
  7093 | D:7      | Reached skill level 4 in Translocations
  7093 | D:7      | Reached XP level 9. HP: 43/71 MP: 4/21
  7389 | D:7      | Paralysed by an orc sorcerer for 4 turns
  7397 | D:6      | Reached skill level 5 in Fighting
  7400 | D:6      | Killed an orc sorcerer
  7401 | D:6      | Reached skill level 5 in Translocations
  7551 | D:7      | Identified the +5 sling of Past Mistakes {antimagic, rC-
                  | Will++}
  7556 | D:7      | Noticed a kobold demonologist
  7561 | D:7      | Killed a kobold demonologist
  7562 | D:7      | Reached skill level 6 in Fighting
  7562 | D:7      | Reached skill level 6 in Translocations
  7730 | D:7      | Killed Prince Ribbit
  7731 | D:7      | Reached skill level 7 in Fighting
  7913 | D:7      | Reached XP level 10. HP: 64/88 MP: 18/22
  8408 | D:8      | Reached skill level 8 in Fighting
  8816 | D:8      | Identified the amulet "Tunag" {Acrobat Str+3}
  9015 | D:8      | Noticed a two-headed ogre
  9021 | D:8      | Killed a two-headed ogre
  9022 | D:8      | Reached skill level 9 in Fighting
  9529 | D:9      | Noticed a two-headed ogre
  9536 | D:9      | Killed a two-headed ogre
  9537 | D:9      | Reached skill level 10 in Fighting
  9564 | D:9      | Noticed Erolcha
  9565 | Abyss:2  | Cast into level 2 of the Abyss (Erolcha)
  9634 | Abyss:2  | Noticed a purple very ugly thing
  9635 | Abyss:2  | Noticed a purple very ugly thing
  9635 | Abyss:2  | Noticed a purple very ugly thing
  9635 | Abyss:2  | Noticed a bone dragon
  9641 | Abyss:2  | Noticed an apocalypse crab
  9668 | D:9      | Escaped the Abyss
  9886 | D:10     | Entered Level 10 of the Dungeon
  9895 | D:10     | Learned a level 5 spell: Freezing Cloud
  9925 | D:8      | HP: 21/93 [yak (4)]
  9926 | D:8      | HP: 6/93 [yak (6)]
 10223 | D:8      | Reached skill level 2 in Dodging
 10250 | D:8      | Reached skill level 1 in Ice Magic
 10399 | D:10     | Reached skill level 2 in Ice Magic
 10435 | D:10     | Reached skill level 3 in Dodging
 10639 | D:10     | Reached skill level 3 in Ice Magic
 11235 | D:10     | Reached skill level 4 in Dodging
 11347 | D:10     | Identified the +5 scale mail of Mameim {Fly}
 11820 | D:11     | Reached XP level 11. HP: 84/99 MP: 4/24
 11868 | D:11     | HP: 24/99 [cloud of freezing vapour (5)]
 12081 | D:11     | Reached skill level 4 in Ice Magic
 12090 | D:11     | Reached skill level 5 in Dodging
 12118 | D:11     | Noticed a two-headed ogre
 12132 | D:10     | Killed a two-headed ogre
 12133 | D:10     | Reached skill level 5 in Ice Magic
 12777 | D:11     | Found a staircase to the Lair.
 13159 | D:12     | Noticed a centaur warrior
 13273 | D:12     | Reached skill level 6 in Dodging
 13398 | D:12     | Reached skill level 6 in Ice Magic
 13601 | D:12     | Noticed a two-headed ogre
 13606 | D:12     | Killed a two-headed ogre
 13678 | Lair:1   | Entered Level 1 of the Lair of Beasts
 13803 | Lair:1   | Reached skill level 7 in Dodging
 13890 | Lair:1   | Reached skill level 1 in Evocations
 13891 | Lair:1   | Noticed Joseph
 13900 | Lair:1   | Reached skill level 7 in Ice Magic
 13900 | Lair:1   | Reached skill level 2 in Evocations
 13901 | Lair:1   | Killed Joseph
 13981 | Lair:1   | Noticed Gastronok
 13994 | Lair:1   | Killed Gastronok
 13995 | Lair:1   | Reached skill level 3 in Evocations
 14307 | Lair:1   | Reached XP level 12. HP: 106/106 MP: 19/25
 14451 | Lair:1   | Reached skill level 4 in Evocations
 14455 | Lair:1   | Noticed Fannar
 14483 | Lair:1   | Killed Fannar
 14484 | Lair:1   | Reached skill level 8 in Ice Magic
 14881 | Lair:1   | Reached skill level 5 in Evocations
 15193 | Lair:2   | Noticed a four-headed hydra
 15201 | Lair:2   | Killed a four-headed hydra
 15374 | Lair:2   | Reached skill level 7 in Spellcasting
 15374 | Lair:2   | Reached skill level 6 in Evocations
 15379 | Lair:2   | Learned a level 4 spell: Animate Armour
 15609 | Lair:2   | You fall into a shaft and drop 2 floors!
 15616 | Lair:4   | Found a staircase to the Slime Pits.
 15952 | Lair:4   | Reached skill level 7 in Evocations
 15960 | Lair:4   | Reached skill level 8 in Spellcasting
 16102 | Lair:3   | Found a staircase to the Swamp.
 16180 | Lair:4   | Reached skill level 8 in Evocations
 16940 | Lair:2   | Reached XP level 13. HP: 106/113 MP: 14/30
 17272 | Lair:3   | Reached skill level 9 in Spellcasting
 17595 | Lair:3   | Found a staircase to the Snake Pit.
 18070 | Lair:4   | Reached skill level 9 in Evocations
 18463 | Lair:5   | Entered Level 5 of the Lair of Beasts
 19062 | Lair:5   | Reached skill level 10 in Spellcasting
 19670 | Lair:5   | Reached skill level 10 in Evocations
 19817 | Lair:5   | Reached skill level 1 in Staves
 19992 | Lair:5   | Reached skill level 2 in Staves
 20566 | Lair:5   | Reached skill level 7 in Conjurations
 20582 | Lair:5   | Reached skill level 3 in Staves
 20843 | Lair:5   | Learned a level 2 spell: Blink
 20849 | Lair:5   | Found a runed translucent door.
 21014 | Lair:5   | Reached skill level 4 in Staves
 21015 | Lair:5   | HP: 28/113 [torpor snail (16)]
 21803 | D:12     | Reached skill level 8 in Conjurations
 21803 | D:12     | Reached XP level 14. HP: 121/121 MP: 30/33
 22362 | D:13     | Reached skill level 5 in Staves
 23714 | D:14     | Reached skill level 6 in Staves
 23785 | D:14     | Found a portal to a secret trove of treasure.
 24054 | D:14     | Found a transporter.
 24066 | D:14     | Noticed ohados's ghost (adept TeAE)
 24080 | D:14     | Found a transporter.
 24096 | D:14     | Reached skill level 9 in Conjurations
 24339 | D:14     | Found a gate to the Vaults.
 24339 | D:14     | Noticed an ironbound preserver
 24350 | D:14     | Killed an ironbound preserver
 24351 | D:14     | Reached skill level 6 in Hexes
 25007 | D:15     | Entered Level 15 of the Dungeon
 25155 | D:15     | Reached skill level 7 in Staves
 25282 | D:15     | Noticed Roxanne
 25314 | D:15     | HP: 15/121 [yaktaur/bolt (30)]
 26073 | D:15     | Learned a level 5 spell: Fireball
 26540 | D:15     | Reached skill level 7 in Hexes
 26920 | D:15     | Reached skill level 10 in Conjurations
 27064 | D:15     | Reached skill level 8 in Staves
 27186 | D:15     | Found a staircase to the Depths.
 27567 | D:9      | Found a staircase to the Orcish Mines.
 27814 | D:9      | Killed Erolcha
 28008 | Orc:1    | Entered Level 1 of the Orcish Mines
 28033 | Orc:1    | Reached skill level 8 in Hexes
 28056 | Orc:1    | Reached XP level 15. HP: 90/126 MP: 18/34
 28155 | Orc:1    | Found Jedd's Assorted Antiques.
 28164 | Orc:1    | Bought a pitted marble ring for 175 gold pieces
 28164 | Orc:1    | Identified the ring "Xohyzag" {rPois rN+++ Will- Int-2
                  | SInv} (You bought it in a shop on level 1 of the Orcish
                  | Mines)
 28164 | Orc:1    | Bought a scroll of teleportation for 105 gold pieces
 28646 | Orc:2    | Entered Level 2 of the Orcish Mines
 28646 | Orc:2    | Found Kupricru's Armour Emporium.
 29153 | Orc:2    | HP: 23/121 [cloud of freezing vapour (14)]
 29154 | Orc:2    | HP: 8/121 [cloud of freezing vapour (15)]
 29854 | Orc:2    | Reached skill level 9 in Staves
 30432 | Orc:2    | Found a staircase to the Elven Halls.
 30576 | Orc:2    | Found Uhar Jymarche's Armour Boutique.
 30576 | Orc:2    | Found Vajej's General Store.
 30686 | Orc:2    | Found Teiriwia's Antique Armour Shop.
 30690 | Orc:2    | Found Dinui's Magic Scroll Shop.
 30781 | Orc:2    | Bought a +1 pair of boots for 115 gold pieces
 30799 | Orc:2    | Bought a dyed leather armour for 155 gold pieces
 30799 | Orc:2    | Bought a shimmering leather armour for 217 gold pieces
 30799 | Orc:2    | Identified the +1 leather armour of Gakaall {Int+4} (You
                  | bought it in a shop on level 2 of the Orcish Mines)
 31030 | Swamp:1  | Entered Level 1 of the Swamp
 31274 | Swamp:1  | Reached skill level 9 in Hexes
 31420 | Swamp:1  | HP: 31/126 [spore (30)]
 31421 | Swamp:1  | HP: 15/126 [cloud of freezing vapour (7)]
 31423 | Swamp:1  | Engulfed by a cloud of freezing vapour

Illustrated notes

Levels and vault maps discovered:
D:1:      lightli_arrival_lavapool, layout_rooms, minmay_hexomino_r4
D:2:      layout_basic, serial_shops, shop_scrolls
D:3:      layout_basic, nicolae_qazlal_eye_of_the_storm,
          hellmonk_ecumenical_altar_heavens_door
D:4:      layout_cave_pools, serial_shops, nicolae_shop_real_fake_doors,
          uniq_eustachio, uniq_blork_the_orc
D:5:      layout_cave_pods, mainiacjoe_overflow_tiny_flanked, zin_academy,
          minmay_temple_entry_statues_pillars, serial_shops,
          nicolae_shop_bloodbath_and_beyond
D:6:      layout_loops_ring, mainiacjoe_overflow_catwalk, elyvilon_altar_1,
          serial_shops, shop, serial_bayou_pond_e, minmay_starry_boxes
D:7:      cheibrodos_wizards_tower, layout_cave_pools,
          mainiacjoe_overflow_alcove_1, lemuel_tele_altar,
          kennysheep_cross_room, minmay_alternating_orb, uniq_prince_ribbit1
D:8:      layout_loops_ring, nicolae_ashenzari_panopticon,
          grunt_decor_one_mirror, kennysheep_just_a_vault
D:9:      layout_rooms, xom_butterflies, tso_oasis_becter, orc_0_dummy,
          uniq_erolcha
D:10:     layout_basic, okawaru_metal_pillars_1_2,
          mainiacjoe_overflow_small_starburst, kennysheep_generic_room_3
D:11:     layout_loops_ring, lair_entry_dummy
D:12:     layout_irregular_city
D:13:     layout_big_octagon, minivault_8
D:14:     layout_small_grid, skrybe_vaults_entry_preservation, enter_trove_6,
          gammafunk_ghost_berserking_beasts
D:15:     grunt_enter_depths_magical_seal, layout_stronghold, chequers_jeans,
          uniq_roxanne
Lair:1:   layout_cave_pods, uniq_gastronok, uniq_joseph, uniq_fannar
Lair:2:   layout_cave_pods
Lair:3:   layout_loops_ring, minmay_swamp_entry_reptiles,
          guppyfry_snake_entry_island
Lair:4:   beast_lair_carwin_large_4, layout_cave_shapes, slime_entry_1,
          serial_bayou_shore_a
Lair:5:   wormcave, layout_regular_city, hangedman_lair_caniforms_friends,
          infiniplex_staircase_pool
Swamp:1:  layout_basic_swamp, nicolae_swamp_dense_foliage, swamp_pool1
Orc:1:    layout_caves, serial_shops, nicolae_shop_trees
Orc:2:    st_orc_mages, layout_caves, serial_shops,
          nicolae_shop_tiny_waterfront, basic_altar, nooodl_orcs_dogs

Skill      XL: |  1  2  3  4  5  6  7  8  9 10 11 12 13 14 15 |
---------------+----------------------------------------------+-----
Conjurations   | 4 5 6 8 10 | 10.0
Spellcasting   | 2 3 5 6 8 10 | 10.2
Hexes          | 1 4 5 8 9 |  9.0
Fighting       | 4 7 10 | 10.0
Translocations | 4 6 |  6.0
Dodging        | 4 7 |  7.0
Ice Magic      | 3 7 8 |  8.0
Evocations     | 3 8 10 | 10.0
Staves         | 4 8 9 |  9.4
Stealth        | |  1.7

Action                     |  1- 3 |  4- 6 |  7- 9 | 10-12 | 13-15 || total
---------------------------+-------+-------+-------+-------+-------++-------
  Melee: Unarmed           |    11 |       |       |       |       ||    11
         Dagger            |     7 |       |       |       |       ||     7
         Short sword       |       |    14 |       |    10 |       ||    24
         Staff             |       |       |       |    44 |   269 ||   313
         Punch             |       |       |       |     1 |     2 ||     3
   Cast: Magic Dart        |    82 |    54 |   135 |   239 |   542 ||  1052
         Searing Ray       |     5 |    17 |    46 |    57 |    50 ||   175
         Iskenderun's Myst |       |       |     7 |    21 |   100 ||   128
         Fulminant Prism   |       |       |    24 |    14 |     8 ||    46
         Freezing Cloud    |       |       |       |    57 |   153 ||   210
         Animate Armour    |       |       |       |     1 |     1 ||     2
         Fireball          |       |       |       |       |     4 ||     4
    Use: Scroll            |       |       |    17 |    14 |     6 ||    37
         Potion            |       |       |       |     1 |     1 ||     2
   Stab: Sleeping          |       |     2 |       |       |       ||     2
 Armour: Robe              |     5 |     6 |    13 |    11 |       ||    35
         Steam dragon scal |       |       |       |    25 |   135 ||   160
         Leather armour    |       |       |       |       |     3 ||     3
  Dodge: Dodged            |    20 |    21 |    61 |   115 |   277 ||   494

Levels and vault maps discovered:
D:1:      lightli_arrival_lavapool, layout_rooms, minmay_hexomino_r4
D:2:      layout_basic, serial_shops, shop_scrolls
D:3:      layout_basic, nicolae_qazlal_eye_of_the_storm,
          hellmonk_ecumenical_altar_heavens_door
D:4:      layout_cave_pools, serial_shops, nicolae_shop_real_fake_doors,
          uniq_eustachio, uniq_blork_the_orc
D:5:      layout_cave_pods, mainiacjoe_overflow_tiny_flanked, zin_academy,
          minmay_temple_entry_statues_pillars, serial_shops,
          nicolae_shop_bloodbath_and_beyond
D:6:      layout_loops_ring, mainiacjoe_overflow_catwalk, elyvilon_altar_1,
          serial_shops, shop, serial_bayou_pond_e, minmay_starry_boxes
D:7:      cheibrodos_wizards_tower, layout_cave_pools,
          mainiacjoe_overflow_alcove_1, lemuel_tele_altar,
          kennysheep_cross_room, minmay_alternating_orb, uniq_prince_ribbit1
D:8:      layout_loops_ring, nicolae_ashenzari_panopticon,
          grunt_decor_one_mirror, kennysheep_just_a_vault
D:9:      layout_rooms, xom_butterflies, tso_oasis_becter, orc_0_dummy,
          uniq_erolcha
D:10:     layout_basic, okawaru_metal_pillars_1_2,
          mainiacjoe_overflow_small_starburst, kennysheep_generic_room_3
D:11:     layout_loops_ring, lair_entry_dummy
D:12:     layout_irregular_city
D:13:     layout_big_octagon, minivault_8
D:14:     layout_small_grid, skrybe_vaults_entry_preservation, enter_trove_6,
          gammafunk_ghost_berserking_beasts
D:15:     grunt_enter_depths_magical_seal, layout_stronghold, chequers_jeans,
          uniq_roxanne
Lair:1:   layout_cave_pods, uniq_gastronok, uniq_joseph, uniq_fannar
Lair:2:   layout_cave_pods
Lair:3:   layout_loops_ring, minmay_swamp_entry_reptiles,
          guppyfry_snake_entry_island
Lair:4:   beast_lair_carwin_large_4, layout_cave_shapes, slime_entry_1,
          serial_bayou_shore_a
Lair:5:   wormcave, layout_regular_city, hangedman_lair_caniforms_friends,
          infiniplex_staircase_pool
Swamp:1:  layout_basic_swamp, nicolae_swamp_dense_foliage, swamp_pool1
Orc:1:    layout_caves, serial_shops, nicolae_shop_trees
Orc:2:    st_orc_mages, layout_caves, serial_shops,
          nicolae_shop_tiny_waterfront, basic_altar, nooodl_orcs_dogs

Table legend: (Time is in decaauts)
 A = Elapsed time spent in this place.
 B = Non-inter-level travel time spent in this place.
 C = Inter-level travel time spent in this place.
 D = Time resting spent in this place.
 E = Time spent auto-exploring this place.
 F = Levels seen in this place.
 G = Mean time per level.
                   A        B        C        D        E       F      G
               +--------+--------+--------+--------+--------+-----+--------+
         Total |  31508 |  29411 |   2097 |    980 |  23733 |  24 | 1312.8 |
       Dungeon |  19962 |  18393 |   1569 |    465 |  15532 |  15 | 1330.8 |
          Lair |   8167 |   7769 |    398 |    404 |   5997 |   5 | 1633.4 |
         Swamp |    400 |    400 |      0 |      0 |    335 |   1 |  400.0 |
  Orcish Mines |   2883 |   2755 |    128 |    111 |   1869 |   2 | 1441.5 |
         Abyss |     94 |     94 |      0 |      0 |      0 |   1 |   94.0 |
               +--------+--------+--------+--------+--------+-----+--------+

Top non-repeatable levels by time:
  Lair:5: 3175 daAuts
    D:14: 2375 daAuts
    D:10: 2017 daAuts
     D:6: 1991 daAuts
    D:15: 1848 daAuts
     D:8: 1714 daAuts
   Orc:2: 1553 daAuts
  Lair:1: 1510 daAuts
   Orc:1: 1330 daAuts
  Lair:4: 1233 daAuts
     D:2: 1213 daAuts
     D:1: 1197 daAuts
     D:3: 1159 daAuts
  Lair:3: 1146 daAuts
  Lair:2: 1102 daAuts

Table legend:
 A = Kills in this place as a percentage of kills in the entire game.
 B = Kills by you in this place as a percentage of kills by you in the entire game.
 C = Kills by friends in this place as a percentage of kills by friends in the entire game.
 D = Other kills in this place as a percentage of other kills in the entire game.
 E = Experience gained in this place as a percentage of experience gained in the entire game.
 F = Experience gained in this place divided by the number of levels of this place that you have seen.
                   A       B       C       D       E      F
               +-------+-------+-------+-------+-------+----------------------
         Total | 100.0 | 100.0 |   N/A |   N/A | 100.0 | 5674.8
       Dungeon |  55.0 |  55.0 |   N/A |   N/A |  47.1 | 4272.8
          Lair |  26.6 |  26.6 |   N/A |   N/A |  40.7 | 11089.8
         Swamp |   1.4 |   1.4 |   N/A |   N/A |   2.7 | 3642.0
  Orcish Mines |  17.1 |  17.1 |   N/A |   N/A |   9.6 | 6505.5
               +-------+-------+-------+-------+-------+----------------------
